 Dungeon Crawl Stone Soup version 0.28-a0-628-g3c9886e45e (webtiles) character file.

Game seed: 8912522828377682098

5 lawman0 the Cudgeller (level 1, -1/19 HPs)
             Began as a Palentonga Monk on Oct 8, 2021.
             Slain by a goblin (2 damage)
             ... on level 1 of the Dungeon.
             The game lasted 00:00:19 (140 turns).

lawman0 the Cudgeller (Palentonga Monk)              Turns: 140, Time: 00:00:19

Health: -1/19      AC:  4    Str: 14    XL:     1   Next: 66%
Magic:  1/1        EV: 10    Int: 10    God:
Gold:   3          SH:  0    Dex: 12    Spells: 0/0 levels left

rFire   . . .      SeeInvis +   a - +0 mace
rCold   . . .      Faith    .   (no shield)
rNeg    + . .      Spirit   .   b - +0 robe
rPois   .          Reflect  .   (no helmet)
rElec   .          Harm     .   (no cloak)
rCorr   .          Rampage  .   (no gloves)
Will    .....                   (no barding)
Stlth   ++........              (no amulet)
HPRegen 0.06/turn               d - ring of positive energy
MPRegen 0.07/turn               (no ring)

@: no status effects
A: large, rugged brown scales 3, see invisible, deformed body, roll 1, armoured
tail
a: Rolling Charge


You were on level 1 of the Dungeon.
You visited 1 branch of the dungeon, and saw 1 of its levels.

You collected 3 gold pieces.

Inventory:

Hand Weapons
 a - a +0 mace (weapon)
Armour
 b - a +0 robe (worn)
Jewellery
 d - a ring of positive energy (left hand)
Potions
 c - a potion of curing {unknown}


   Skills:
 + Level 3.0 Fighting
 * Level 3.1 Maces & Flails
 + Level 2.7 Dodging
 + Level 1.2 Stealth


You couldn't memorise any spells.
You didn't know any spells.
Your spell library was empty.

Dungeon Overview and Level Annotations

Branches:
Dungeon (1/15)

Altars:


Innate Abilities, Weirdness & Mutations

You are completely covered in rugged brown scales. (AC +3, +7% HP)
You have supernaturally acute eyesight. (SInv)
Armour fits poorly on your strangely shaped body.
You can roll at nearby foes to attack.
You have a long armoured tail.


Message History

A frilled lizard comes into view.
You are too injured to fight recklessly!
You are too injured to fight recklessly!
The endoplasm barely misses you.
You are too injured to fight recklessly!
You are too injured to fight recklessly!
You are too injured to fight recklessly!
You hit the endoplasm but do no damage. The goblin hits you but does no damage.
The endoplasm barely misses you.
A kobold comes into view. It is wielding a +0 club.
You hit the endoplasm but do no damage. You tail-slap the endoplasm.
You kill the endoplasm!
The goblin barely misses you. The goblin barely misses you.
You hit the frilled lizard.
You kill the frilled lizard!
The goblin misses you. The kobold hits you with a +0 club.
* * * LOW HITPOINT WARNING * * *
The goblin barely misses you.
A giant cockroach comes into view.
You sock the kobold!
You kill the kobold!
The goblin barely misses you. The goblin hits you but does no damage.
The goblin barely misses you.
You see here a +0 club.
You barely miss the goblin. The giant cockroach closely misses you.
The goblin hits you with a +0 club.
* * * LOW HITPOINT WARNING * * *
You barely miss the goblin.
The giant cockroach bites you but does no damage.
The goblin hits you but does no damage.
The giant cockroach bites you but does no damage.
You miss the goblin. The goblin barely misses you.
The giant cockroach bites you but does no damage.
The goblin barely misses you.
Unknown command.
You barely miss the goblin.
The giant cockroach bites you but does no damage.
The goblin hits you with a +0 club.
You die...

#
##.........######
#.........#
+#........##
##........##
###.......#######
####....#......
###....#####.
#..........
#@g.†######
#B.#.# #..#...
#.###### #.# #..
###


You could see a giant cockroach and a goblin.

Vanquished Creatures
  An endoplasm (D:1)
  A hobgoblin (D:1)
  A ball python (D:1)
  A frilled lizard (D:1)
  A kobold (D:1)
  A rat (D:1)
6 creatures vanquished.

Notes
Turn   | Place    | Note
-------+----------+-------------------------------------------
     0 | D:1      | lawman0 the Palentonga Monk began the quest for the Orb.
     0 | D:1      | Reached XP level 1. HP: 19/19 MP: 1/1
   140 | D:1      | Slain by a goblin

Illustrated notes

Levels and vault maps discovered:
D:1:      dpeg_cavernosity, layout_loops_ring, wad_floor_pattern_untrapped

Action                   || total
-------------------------++-------
Melee: Mace              ||    14
       Tailslap          ||     2
 Abil: Rolling Charge    ||     2
Armor: Robe              ||     7
Dodge: Dodged            ||    13

Table legend: (Time is in decaauts)
 A = Elapsed time spent in this place.
 B = Non-inter-level travel time spent in this place.
 C = Inter-level travel time spent in this place.
 D = Time resting spent in this place.
 E = Time spent auto-exploring this place.
 F = Levels seen in this place.
 G = Mean time per level.
                   A        B        C        D        E       F      G
               +--------+--------+--------+--------+--------+-----+--------+
         Total |    143 |    143 |      0 |      0 |    100 |   1 |  143.0 |
       Dungeon |    143 |    143 |      0 |      0 |    100 |   1 |  143.0 |
               +--------+--------+--------+--------+--------+-----+--------+

Top non-repeatable levels by time:
     D:1: 143 daAuts
